Workbook

Sheet JAN 18
A1: JANEIRO 2018 | E1: Condomínio Edifício Via Capri
E2: Livro Caixa
A4: ENTRADAS | D4: DESPESAS
A5: APART | C5: Valor | D5: Valor | E5: Descrição
A6: 101 | C6: 230 | D6: 397.82 | E6: Compesa
A7: 102 | C7: 230 | D7: 107 | E7: Celpe
A8: 201 | C8: 230 | D8: 240 | E8: Faxina
A9: 202 | B9: MAIO/2017 | C9: 230 | D9: 28.08 | E9: Saco de lixo .
A10: 301 | C10: 230 | D10: 36 | E10: Material limpeza Nº 2785
A11: 302 | C11: 230 | D11: 6 | E11: Pacote cimento .
A12: 202 | B12: JUNHO/2017 | C12: 100 | D12: 6 | E12: Pacote cimento .
D13: 104.52 | E13: Perfil U para portão garagem 201.
D14: 50 | E14: conserto de fechadura
D15: 240 | E15: Faxina Apt 101
A23: Total RECEITAS | C23: =SUM(C6:C22) -> 1480 | D23: =SUM(D6:D22) -> 1215.42 | E23: TOTAL DESPESAS DO MÊS
E24: Resumo do Caixa
E25: Receita .............................................. | F25: =VALUE(C23) -> 1480
A26: __________________________________________ | E26: Saldo Dezembro 17 ................................ | F26: 2213.73
C27: Responsável | E27: Receita + Saldo Dezembro 17............................. | F27: =SUM(F25+F26) -> 3693.73
E28: Despesas........................................... | F28: =VALUE(D23) -> 1215.42
E29: Saldo Janeiro 2018 ....................... | F29: =SUM(F27-F28) -> 2478.31

Sheet FEV 18
A1: FEVEREIRO 2018 | E1: Condomínio Edifício Via Capri
E2: Livro Caixa
A4: ENTRADAS | D4: DESPESAS
A5: APART | C5: Valor | D5: Valor | E5: DESCRIÇÃO
A6: 101 | C6: 230 | D6: 425.48 | E6: Compesa
A7: 102 | C7: 230 | D7: 121.09 | E7: Celpe
A8: 201 | C8: 0 | D8: 240 | E8: Faxina
A9: 202 | B9: JULHO/2017 | C9: 100 | D9: 0 | E9: Saco de lixo .
A10: 301 | C10: 230 | D10: 0 | E10: Material limpeza
A11: 302 | C11: 230 | D11: 100 | E11: Serviço de solda portão garagem n° 201
D12: 50 | E12: Caixa para veneno de rato
D13: 1.99 | E13: Adesivo Símbolo de Perigo
D14: 12.5 | E14: Veneno para ratos
D15: 15.11 | E15: Via da Construção (Plugue pial)
D16: 230 | E16: Serviço tubulação esgoto em baixa
A25: Total Receitas | C25: =SUM(C6:C14) -> 1020 | D25: =SUM(D6:D24) -> 1196.17 | E25: TOTAL DESPESAS DO MÊS
E26: Resumo do Caixa
E27: Receita .............................................. | F27: =VALUE(C25) -> 1020
A28: __________________________________________ | E28: Saldo mês anterior ................................ | F28: 2478.31
C29: Responsável | E29: Receita + Saldo mês anterior............................. | F29: =SUM(F27+F28) -> 3498.31
E30: Despesas........................................... | F30: =VALUE(D25) -> 1196.17
E31: Saldo mês atual ....................... | F31: =SUM(F29-F30) -> 2302.14

Sheet MAR 18
A1: MARÇO 2018 | E1: Condomínio Edifício Via Capri
E2: Livro Caixa
A4: ENTRADAS | D4: DESPESAS
A5: APART | C5: Valor | D5: Valor | E5: DESCRIÇÃO
A6: 101 | C6: 230 | D6: 499.24 | E6: Compesa
A7: 102 | C7: 230 | D7: 96.39 | E7: Celpe
A8: 201 | C8: 0 | D8: 240 | E8: Faxina
A9: 202 | B9: AGOSTO/2017 | C9: 100 | D9: 22.88 | E9: Saco de lixo .
A10: 301 | C10: 230 | D10: 43 | E10: Material limpeza
A11: 302 | C11: 230 | D11: 19.5 | E11: Sucatão PE 60 (Calha)
D12: 292.6 | E12: Sucatão PE 60 (Corrente + Portão + Escada + Frete)
D13: 16 | E13: Comercial Matecons (Tábua)
D14: 2.6 | E14: Miudinho Material de construção (Parafuso + Bucha)
D15: 150 | E15: Capinação área externa
A25: Total Receitas | C25: =SUM(C6:C24) -> 1020 | D25: =SUM(D6:D24) -> 1382.21 | E25: TOTAL DESPESAS DO MÊS
E26: Resumo do Caixa
E27: Receita .............................................. | F27: =VALUE(C25) -> 1020
A28: __________________________________________ | E28: Saldo mês anterior ................................ | F28: =VLOOKUP(E31,'FEV 18'!E27:F31,2,FALSE) -> 2302.14
C29: Responsável | E29: Receita + Saldo mês anterior............................. | F29: =SUM(F27+F28) -> 3322.14
E30: Despesas........................................... | F30: =VALUE(D25) -> 1382.21
E31: Saldo mês atual ....................... | F31: =SUM(F29-F30) -> 1939.93

Sheet ABR 18
A1: ABRIL 2018 | E1: Condomínio Edifício Via Capri
E2: Livro Caixa
A4: ENTRADAS | D4: DESPESAS
A5: APART | C5: Valor | D5: Valor | E5: DESCRIÇÃO
A6: 101 | C6: 230 | D6: 342.5 | E6: Compesa
A7: 102 | C7: 230 | D7: 105.03 | E7: Celpe
A8: 201 | C8: 0 | D8: 240 | E8: Faxina
A9: 202 | B9: SETEMBRO-OUTUBRO-NOVEMBRO-DEZEMBRO/2017 | C9: 1000 | D9: 0 | E9: Saco de lixo .
A10: 301 | C10: 230 | D10: 36 | E10: Material limpeza
A11: 302 | C11: 230 | D11: 11.6 | E11: Palma Parafusos (Rebite + Broca + Mangueira)
D12: 200 | E12: Capinação e cortes de árvores
A25: Total Receitas | C25: =SUM(C6:C24) -> 1920 | D25: =SUM(D6:D24) -> 935.13 | E25: TOTAL DESPESAS DO MÊS
E26: Resumo do Caixa
E27: Receita .............................................. | F27: =VALUE(C25) -> 1920
A28: __________________________________________ | E28: Saldo mês anterior ................................ | F28: =VLOOKUP(E31,'MAR 18'!E27:F31,2,FALSE) -> 1939.93
C29: Responsável | E29: Receita + Saldo mês anterior............................. | F29: =SUM(F27+F28) -> 3859.93
E30: Despesas........................................... | F30: =VALUE(D25) -> 935.13
E31: Saldo mês atual ....................... | F31: =SUM(F29-F30) -> 2924.8

Sheet MAI 18
A1: MAIO 2018 | D1: Condomínio Edifício Via Capri
D2: Livro Caixa
A4: ENTRADAS | C4: DESPESAS
A5: APART | B5: Valor | C5: Valor | D5: DESCRIÇÃO
A6: 101 | B6: 230 | C6: 264.13 | D6: Compesa
A7: 102 | B7: 230 | C7: 110.26 | D7: Celpe*
A8: 201 | B8: 0 | C8: 240 | D8: Faxina
A9: 202 | B9: 0 | C9: 0 | D9: Saco de lixo .
A10: 301 | B10: 230 | C10: 0 | D10: Material limpeza
A11: 302 | B11: 230 | C11: 42 | D11: Show Room
C12: 39.9 | D12: Via da Construção (DIACRYL)
C13: 15.53 | D13: Ferreira Costa (Joelho + Luva + Lampada + Plug Rosca)
C14: 16.9 | D14: Ferreira Costa (Óleo spray)
C15: 2 | D15: Miudinho Material de Construção
C16: 300 | D16: Reposição pedras portuguesas + enchimento colunas concreto
C17: 150 | D17: Capinação externa
C18: 89.83 | D18: Ferreira Costa
A25: Total Receitas | B25: =SUM(B6:B14) -> 920 | C25: =SUM(C6:C24) -> 1270.55 | D25: TOTAL DESPESAS DO MÊS
D26: Resumo do Caixa
D27: Receita .............................................. | E27: =VALUE(B25) -> 920
A28: __________________________________________ | D28: Saldo mês anterior ................................ | E28: =VLOOKUP(D31,'ABR 18'!E27:F31,2,FALSE) -> 2924.8
B29: Responsável | D29: Receita + Saldo mês anterior............................. | E29: =SUM(E27+E28) -> 3844.8
D30: Despesas........................................... | E30: =VALUE(C25) -> 1270.55
D31: Saldo mês atual ....................... | E31: =SUM(E29-E30) -> 2574.25

Sheet JUN 18
A1: JUNHO 2018 | D1: Condomínio Edifício Via Capri
D2: Livro Caixa
A4: ENTRADAS | C4: DESPESAS
A5: APART | B5: Valor | C5: Valor | D5: DESCRIÇÃO
A6: 101 | B6: 230 | C6: 361.56 | D6: Compesa*
A7: 102 | B7: 230 | C7: 0 | D7: Celpe
A8: 201 | B8: 0 | C8: 240 | D8: Faxina
A9: 202 | B9: 0 | C9: 38.08 | D9: Saco de lixo .
A10: 301 | B10: 230 | C10: 43 | D10: Material limpeza
A11: 302 | B11: 230 | C11: 28.04 | D11: Via da Construção (diversos)
C12: 10 | D12: Armazém Via Paiva ( Cabo)
C13: 8.4 | D13: Via da Construção (Gesso)
C14: 50 | D14: Chaveiro Candelária (Conserto de fechadura elétrica)
C15: 50 | D15: Chaveiro Candelária (Conserto Fecho elétrico)
C16: 20 | D16: Armazém Veneza ( Roda aluguel)
C17: 200 | D17: Belas Pedras (3m² de pedras portuguesas)
C18: 9 | D18: Miudinho Material de Construção (Sifão)
C19: 87.2 | D19: Via construção (Tinta)
C20: 87.21 | D20: Via construção (materiais hidráulicos)
C21: 4 | D21: Zona de Impacto (2ª via boleto celpe)
C22: 10 | D22: Copiadora Candeias (664 XL Reto)
A25: Total Receitas | B25: =SUM(B6:B14) -> 920 | C25: =SUM(C6:C24) -> 1246.49 | D25: TOTAL DESPESAS DO MÊS
D26: Resumo do Caixa
D27: Receita .............................................. | E27: =VALUE(B25) -> 920
A28: __________________________________________ | D28: Saldo mês anterior ................................ | E28: =VLOOKUP(D31,'MAI 18'!D27:E31,2,FALSE) -> 2574.25
B29: Responsável | D29: Receita + Saldo mês anterior............................. | E29: =SUM(E27+E28) -> 3494.25
D30: Despesas........................................... | E30: =VALUE(C25) -> 1246.49
D31: Saldo mês atual ....................... | E31: =SUM(E29-E30) -> 2247.76

Sheet JUL 18
A1: JULHO 2018 | D1: Condomínio Edifício Via Capri
D2: Livro Caixa
A4: ENTRADAS | C4: DESPESAS
A5: APART | B5: Valor | C5: Valor | D5: DESCRIÇÃO
A6: 101 | B6: 230 | C6: 408.96 | D6: Compesa*
A7: 102 | B7: 230 | C7: 151.28 | D7: Celpe
A8: 201 | B8: 0 | C8: 240 | D8: Faxina
A9: 202 | B9: 0 | C9: 0 | D9: Saco de lixo .
A10: 301 | B10: 230 | C10: 43 | D10: Material limpeza
A11: 302 | B11: 230 | C11: 37 | D11: Miudinho Material de construção
C12: 14.4 | D12: Miudinho Material de construção
C13: 6.5 | D13: Copiadora Candeias (Impressão PB)
C14: 12 | D14: Alberto Sucatão (material)
C15: 23 | D15: Miudinho Material de construção
C16: 46 | D16: Armazém Veneza (Diversos)
C17: 19 | D17: Miudinho Material de construção (Saco de cimento)
C18: 10 | D18: Sucatão PE 60 (Chapa)
C19: 2 | D19: Copiadora Candeias (Impressão PB)
A25: Total Receitas | B25: =SUM(B6:B14) -> 920 | C25: =SUM(C6:C24) -> 1013.14 | D25: TOTAL DESPESAS DO MÊS
D26: Resumo do Caixa
D27: Receita .............................................. | E27: =VALUE(B25) -> 920
A28: __________________________________________ | D28: Saldo mês anterior ................................ | E28: =VLOOKUP(D31,'JUN 18'!D27:E31,2,FALSE) -> 2247.76
B29: Responsável | D29: Receita + Saldo mês anterior............................. | E29: =SUM(E27+E28) -> 3167.76
D30: Despesas........................................... | E30: =VALUE(C25) -> 1013.14
D31: Saldo mês atual ....................... | E31: =SUM(E29-E30) -> 2154.62

Sheet AGO 18
A1: AGOSTO 2018 | D1: Condomínio Edifício Via Capri
D2: Livro Caixa
A4: ENTRADAS | C4: DESPESAS
A5: APART | B5: Valor | C5: Valor | D5: DESCRIÇÃO
A6: 101 | B6: 230 | C6: 347.34 | D6: Compesa*
A7: 102 | B7: 230 | C7: 136.15 | D7: Celpe
A8: 201 | B8: 0 | C8: 240 | D8: Faxina
A9: 202 | B9: 0 | C9: 0 | D9: Saco de lixo .
A10: 301 | B10: 230 | C10: 43 | D10: Material limpeza
A11: 302 | B11: 230 | C11: 28 | D11: Copiadora Candeias (cópias)
C12: 40 | D12: Chaveiro Candelária (Conserto Fechadura)
C13: 82.5 | D13: Zona de Impacto (335 Xerox e 5 impressões coloridas)
C14: 49.9 | D14: Papelaria ME (Cartucho)
A25: Total Receitas | B25: =SUM(B6:B14) -> 920 | C25: =SUM(C6:C24) -> 966.89 | D25: TOTAL DESPESAS DO MÊS
D26: Resumo do Caixa
D27: Receita .............................................. | E27: =VALUE(B25) -> 920
A28: __________________________________________ | D28: Saldo mês anterior ................................ | E28: =VLOOKUP(D31,'JUL 18'!D27:E31,2,FALSE) -> 2154.62
B29: Responsável | D29: Receita + Saldo mês anterior............................. | E29: =SUM(E27+E28) -> 3074.62
D30: Despesas........................................... | E30: =VALUE(C25) -> 966.89
D31: Saldo mês atual ....................... | E31: =SUM(E29-E30) -> 2107.73

Sheet SET 18
A1: SETEMBRO 2018 | D1: Condomínio Edifício Via Capri
D2: Livro Caixa
A4: ENTRADAS | C4: DESPESAS
A5: APART | B5: Valor | C5: Valor | D5: DESCRIÇÃO
A6: 101 | B6: 230 | C6: 0 | D6: Compesa*
A7: 102 | B7: 230 | C7: 124.47 | D7: Celpe
A8: 201 | B8: 0 | C8: 240 | D8: Faxina
A9: 202 | B9: 0 | C9: 13.76 | D9: Saco de lixo .
A10: 301 | B10: 230 | C10: 0 | D10: Material limpeza
A11: 302 | B11: 230 | C11: 6.5 | D11: Panificadora ME
C12: 300 | D12: Substituição da coluna portão Apt 202
A25: Total Receitas | B25: =SUM(B6:B14) -> 920 | C25: =SUM(C6:C24) -> 684.73 | D25: TOTAL DESPESAS DO MÊS
D26: Resumo do Caixa
D27: Receita .............................................. | E27: =VALUE(B25) -> 920
A28: __________________________________________ | D28: Saldo mês anterior ................................ | E28: =VLOOKUP(D31,'AGO 18'!D27:E31,2,FALSE) -> 2107.73
B29: Responsável | D29: Receita + Saldo mês anterior............................. | E29: =SUM(E27+E28) -> 3027.73
D30: Despesas........................................... | E30: =VALUE(C25) -> 684.73
D31: Saldo mês atual ....................... | E31: =SUM(E29-E30) -> 2343

Sheet OUT 18
A1: OUTUBRO 2018 | D1: Condomínio Edifício Via Capri
D2: Livro Caixa
A4: ENTRADAS | C4: DESPESAS
A5: APART | B5: Valor | C5: Valor | D5: DESCRIÇÃO
A6: 101 | B6: 0 | C6: 0 | D6: Compesa*
A7: 102 | B7: 0 | C7: 0 | D7: Celpe
A8: 201 | B8: 0 | C8: 0 | D8: Faxina
A9: 202 | B9: 0 | C9: 0 | D9: Saco de lixo .
A10: 301 | B10: 0 | C10: 0 | D10: Material limpeza
A11: 302 | B11: 0
A25: Total Receitas | B25: =SUM(B6:B25) -> 0 | C25: =SUM(C6:C24) -> 0 | D25: TOTAL DESPESAS DO MÊS
D26: Resumo do Caixa
D27: Receita .............................................. | E27: =VALUE(B25) -> 0
A28: __________________________________________ | D28: Saldo mês anterior ................................ | E28: =VLOOKUP(D31,'SET 18'!D27:E31,2,FALSE) -> 2343
B29: Responsável | D29: Receita + Saldo mês anterior............................. | E29: =SUM(E27+E28) -> -1012.27
D30: Despesas........................................... | E30: =VALUE(C25) -> 0
D31: Saldo mês atual ....................... | E31: =SUM(E29-E30) -> -1012.27

Sheet NOV 18
A1: NOVEMBRO 2018 | D1: Condomínio Edifício Via Capri
D2: Livro Caixa
A4: ENTRADAS | C4: DESPESAS
A5: APART | B5: Valor | C5: Valor | D5: DESCRIÇÃO
A6: 101 | B6: 0 | C6: 0 | D6: Compesa*
A7: 102 | B7: 0 | C7: 0 | D7: Celpe
A8: 201 | B8: 0 | C8: 0 | D8: Faxina
A9: 202 | B9: 0 | C9: 0 | D9: Saco de lixo .
A10: 301 | B10: 0 | C10: 0 | D10: Material limpeza
A11: 302 | B11: 0
A25: Total Receitas | B25: =SUM(B6:B24) -> 0 | C25: =SUM(C6:C24) -> 0 | D25: TOTAL DESPESAS DO MÊS
D26: Resumo do Caixa
D27: Receita .............................................. | E27: =VALUE(B25) -> 0
A28: __________________________________________ | D28: Saldo mês anterior ................................ | E28: =VLOOKUP(D31,'OUT 18'!D27:E31,2,FALSE) -> 0
B29: Responsável | D29: Receita + Saldo mês anterior............................. | E29: =SUM(E27+E28) -> 0
D30: Despesas........................................... | E30: =VALUE(C25) -> 0
D31: Saldo mês atual ....................... | E31: =SUM(E29-E30) -> 0

Sheet DEZ 18
A1: DEZEMBRO 2018 | D1: Condomínio Edifício Via Capri
D2: Livro Caixa
A4: ENTRADAS | C4: DESPESAS
A5: APART | B5: Valor | C5: Valor | D5: DESCRIÇÃO
A6: 101 | B6: 0 | C6: 0 | D6: Compesa*
A7: 102 | B7: 0 | C7: 0 | D7: Celpe
A8: 201 | B8: 0 | C8: 0 | D8: Faxina
A9: 202 | B9: 0 | C9: 0 | D9: Saco de lixo .
A10: 301 | B10: 0 | C10: 0 | D10: Material limpeza
A11: 302 | B11: 0
A25: Total Receitas | B25: =SUM(B6:B25) -> 0 | C25: =SUM(C6:C24) -> 0 | D25: TOTAL DESPESAS DO MÊS
D26: Resumo do Caixa
D27: Receita .............................................. | E27: =VALUE(B25) -> 0
A28: __________________________________________ | D28: Saldo mês anterior ................................ | E28: =VLOOKUP(D31,'OUT 18'!D27:E31,2,FALSE) -> -1012.27
B29: Responsável | D29: Receita + Saldo mês anterior............................. | E29: =SUM(E27+E28) -> 0
D30: Despesas........................................... | E30: =VALUE(C25) -> 0
D31: Saldo mês atual ....................... | E31: =SUM(E29-E30) -> 0
